 Dungeon Crawl Stone Soup version 0.20.0-15-g7f486f2 (webtiles) character file.

102 botchamania the Insei (level 4, 0/21 HPs)
             Began as a Vine Stalker Transmuter on June 26, 2017.
             Slain by an orc
             ... wielding a +0 flail
              (5 damage)
             ... on level 3 of the Dungeon.
             The game lasted 00:11:18 (2500 turns).

botchamania the Insei (Vine Stalker Transmuter)     Turns: 2500, Time: 00:11:19

Health: 0/21       AC:  3    Str: 12    XL:     4   Next: 77%
Magic:  0/8        EV: 12    Int: 14    God:
Gold:   73         SH:  0    Dex: 15    Spells: 1/7 levels left

rFire    . . .     SeeInvis .     - Unarmed
rCold    . . .     Gourm    .   (no shield)
rNeg     . . .     Faith    .   j - +0 robe
rPois    .         Spirit   +   (no helmet)
rElec    .         Reflect  .   n - +0 cloak
rCorr    .         Harm     .   (no gloves)
MR       .....                  (no boots)
Stlth    +.........             (no amulet)
Regen    0.5/turn               (no ring)
MPRegen  0.2/turn               (no ring)

@: no status effects
A: fangs 2, regeneration 1, magic shield, antimagic bite, no potion heal 3, rot
immunity
a: no special abilities


You were on level 3 of the Dungeon.
You were very hungry.

You visited 1 branch of the dungeon, and saw 3 of its levels.

You collected 73 gold pieces.

Inventory:

Hand Weapons
 i - a +0 dagger
 q - a +3 dagger of venom
Missiles
 a - 31 arrows
 e - 94 stones (quivered)
Armour
 b - a +0 robe
 f - a +0 buckler
 g - a +0 buckler
 j - a +0 robe (worn)
 m - a +0 robe
 n - a +0 cloak (worn)
Potions
 h - a potion of resistance
 k - 4 potions of curing
 p - a potion of ambrosia
Books
 c - a book of Changes

   Spells                             Type                      Level
   a - Beastly Appendage              Transmutation                1
   b - Sticks to Snakes               Transmutation                2
   c - Spider Form                    Transmutation/Poison         3
   d - Ice Form                       Ice/Transmutation            4
   e - Blade Hands                    Transmutation                5
Comestibles
 d - 3 bread rations
 r - 3 fruits


   Skills:
 - Level 0.8 Fighting
 - Level 1.5 Dodging
 + Level 4.1 Unarmed Combat
 - Level 2.2 Spellcasting
 - Level 3.1 Transmutations
 + Level 1.8 Poison Magic


You had one spell level left.
You knew the following spells:

 Your Spells              Type           Power        Failure   Level  Hunger
a - Beastly Appendage     Tmut           ##....       6%          1    #......
b - Sticks to Snakes      Tmut           ##......     10%         2    ###....
c - Spider Form           Tmut/Pois      #.........   26%         3    ###....


Dungeon Overview and Level Annotations

Branches:
Dungeon (3/15)

Altars:
Nemelex Xobeh
Sif Muna


Innate Abilities, Weirdness & Mutations

You have extremely sharp teeth.
Your natural rate of healing is unusually fast.
When hurt, damage is shared between your health and your magic reserves.
Your bite disrupts and absorbs the magic of your enemies.
Potions cannot restore your health.
You are immune to rotting.


Message History

Okay, then.
Casting: Sticks to Snakes
Confirm with . or Enter, or press ? or * to list all spells.
Okay, then.
The orc wizard points at you and mumbles some strange words.
The magic dart hits you!
* * * LOW HITPOINT WARNING * * *
Unknown command.
The jackal barks!
The orc misses you.
Unknown command.
Unknown command.
The orc shouts!
The orc hits you but does no damage.
The orc wizard jeers loudly, in orcish tradition.
The orc barely misses you.
Unknown command.
Unknown command.
The jackal closely misses you. The orc hits you with a flail.
You die...

######.#.#..#### ## #.#....#
#≈# #.#....#
##≈#########.#...#####
#≈≈≈.........#.###...###
##≈≈≈.#######..##.......##
#≈≈≈≈.# #.##.........##
##≈≈≈.#######.#.o..≈≈≈....#
#≈≈≈......####.@.≈≈≈≈≈...####
#≈≈########..oho≈≈o..≈≈.....#
#≈.†.....o.o....≈≈.>.≈≈..._.#
#oo########.....≈≈...≈≈.....#
##...o.# ####...≈≈≈≈≈...####
#####o# #....≈≈≈....# #.#
##.........## #o# ##.......##
#o# ##...##


You could see an orc priest, an orc wizard, 4 orcs and a jackal.

Vanquished Creatures
  3 adders (D:2)
  2 oozes
  A worm (D:2)
  A leopard gecko (D:1)
  6 bats
  3 giant cockroaches
  2 hobgoblins
  5 jackals
  A quokka (D:2)
  A ball python (D:1)
  5 frilled lizards
  4 goblins (D:1)
  2 kobolds (D:1)
  4 rats
40 creatures vanquished.

Vanquished Creatures (collateral kills)
  2 adders (D:2)
  An ooze (D:1)
  A worm (D:2)
  A dart slug (D:1)
  A giant cockroach (D:1)
  2 goblins (D:2)
  2 hobgoblins
  3 jackals
  A quokka (D:3)
  A bat (D:2)
  2 frilled lizards (D:2)
  A kobold (D:1)
  2 rats
20 creatures vanquished.

Grand Total: 60 creatures vanquished

Notes
Turn   | Place    | Note
-------+----------+-------------------------------------------
     0 | D:1      | botchamania the Vine Stalker Transmuter began the quest for the Orb.
     0 | D:1      | Reached XP level 1. HP: 9/9 MP: 4/4
   324 | D:1      | Reached XP level 2. HP: 10/14 MP: 3/6
   339 | D:1      | Learned a level 2 spell: Sticks to Snakes
   795 | D:1      | Reached XP level 3. HP: 17/17 MP: 3/7
  1223 | D:1      | Learned a level 3 spell: Spider Form
  1611 | D:2      | Reached skill level 1 in Poison Magic
  1611 | D:2      | Gained mutation: Your natural rate of healing is unusually fast. [Vine Stalker growth]
  1611 | D:2      | Reached XP level 4. HP: 21/21 MP: 8/8
  2268 | D:2      | Reached skill level 4 in Unarmed Combat
  2410 | D:3      | Noticed a big kobold
  2411 | D:3      | Noticed a big kobold
  2444 | D:3      | Found a sparkling altar of Nemelex Xobeh.
  2490 | D:3      | Found a deep blue altar of Sif Muna.
  2500 | D:3      | Slain by an orc

Skill      XL: |  1  2  3  4 |
---------------+-------------+-----
Transmutations | 3 |  3.1
Poison Magic   | 1 |  1.8
Unarmed Combat | 4 |  4.1
Fighting       | |  0.8
Dodging        | |  1.5
Spellcasting   | |  2.2

Action                   |  1- 3 |  4- 6 || total
-------------------------+-------+-------++-------
Melee: Unarmed           |    67 |    44 ||   111
       Bite              |    16 |    10 ||    26
       Kick              |     6 |     2 ||     8
       Headbutt          |     3 |     4 ||     7
       Punch             |       |     2 ||     2
Throw: Stone             |    18 |       ||    18
 Cast: Beastly Appendage |    26 |    11 ||    37
       Sticks to Snakes  |    15 |    14 ||    29
  Use: Potion            |     1 |       ||     1
       Scroll            |       |     7 ||     7
  Eat: Chunk             |     4 |     3 ||     7
Armor: Robe              |    18 |    15 ||    33
Dodge: Dodged            |    47 |    47 ||    94
